| TOP OF THE 1ST |
|
Newark Black Sox batting - Pitching for Utica Blue Jays : RHP Julio Nunez
|
|
Pitching: RHP Julio Nunez
|
|
|
Batting: RHB Rafael Belliard
|
0-0: Ground out 4-3 (Groundball, 34, EV 80.6 MPH)
|
|
Batting: RHB Ellis Burks
|
0-0: Called Strike 0-1: Foul Ball, location: 2F 0-2: Ball 1-2: Ball 2-2: Foul Ball, location: 2F 2-2: Ball 3-2: DOUBLE (Line Drive, 9LM, EV 99.4 MPH)
|
|
Batting: RHB Moises Acosta
|
0-0: Called Strike Ellis Burks steals 3rd base (no throw) 0-1: SINGLE (Line Drive, 4D, EV 110.6 MPH) Ellis Burks scores
|
|
Batting: RHB Adrien Perkins
|
0-0: Ball 1-0: Foul Ball, location: 2F 1-1: Foul Ball, location: 2F 1-2: Foul Ball, location: 2F 1-2: Foul Ball, location: 2F 1-2: Strikes out swinging
|
|
Batting: RHB Jerry Bendorf
|
0-0: Foul Ball, location: 2F 0-1: DOUBLE (Line Drive, 9LM, EV 89.4 MPH) Moises Acosta to third Runner from 3rd tries for Home, SAFE, throw by RF to home
|
|
Batting: RHB Paul Bradley
|
0-0: Ball 1-0: Ball 2-0: Called Strike 2-1: Foul Ball, location: 2F 2-2: Ball 3-2: Foul Ball, location: 2F 3-2: Base on Balls
|
|
Batting: RHB Henry Hubbard
|
0-0: Ball 1-0: Fly out, F2 (Popup, 3SF, EV 85.0 MPH)
|
| Top of the 1st over - 2 runs, 3 hits, 0 errors, 2 left on base; Newark 2 - Utica 0 |
| BOTTOM OF THE 1ST |
|
Utica Blue Jays batting - Pitching for Newark Black Sox : LHP Stephen Young
|
|
Pitching: LHP Stephen Young
|
|
|
Batting: RHB Ed Allen
|
0-0: Ball 1-0: Ground out 6-3 (Groundball, 6, EV 86.3 MPH)
|
|
Batting: SHB Manuel Lee
|
0-0: Fly out, F8 (Flyball, 8LD, EV 99.4 MPH)
|
|
Batting: LHB Tom Reynolds
|
0-0: Ball 1-0: Ball 2-0: Foul Ball, location: 2F 2-1: Fly out, F9 (Flyball, 9LS, EV 95.0 MPH)
|
| Bottom of the 1st over - 0 runs, 0 hits, 0 errors, 0 left on base; Newark 2 - Utica 0 |
| TOP OF THE 2ND |
|
Newark Black Sox batting - Pitching for Utica Blue Jays : RHP Julio Nunez
|
|
Batting: RHB Danny Griffin
|
0-0: Ball 1-0: Called Strike 1-1: Ball 2-1: Fly out, F8 (Flyball, 8RM, EV 83.1 MPH)
|
|
Batting: RHB Orlando Gonzalez
|
0-0: Ball 1-0: Called Strike 1-1: Fly out, F8 (Flyball, 8LD, EV 83.8 MPH)
|
|
Batting: RHB Rafael Belliard
|
0-0: Ball 1-0: Called Strike 1-1: Ball 2-1: Swinging Strike 2-2: Ground out 2-3 (Groundball, 2R, EV 71.3 MPH)
|
| Top of the 2nd over - 0 runs, 0 hits, 0 errors, 0 left on base; Newark 2 - Utica 0 |
| BOTTOM OF THE 2ND |
|
Utica Blue Jays batting - Pitching for Newark Black Sox : LHP Stephen Young
|
|
Batting: RHB Jose Gonzalez
|
0-0: Ball 1-0: Called Strike 1-1: Called Strike 1-2: Ball 2-2: DOUBLE (Flyball, 8RXD, EV 108.1 MPH)
|
|
Batting: RHB Ricky Jordan
|
0-0: Foul Ball, location: 2F 0-1: Called Strike 0-2: Strikes out swinging
|
|
Batting: SHB Steve Roadcap
|
0-0: Ground out 6-3 (Groundball, 56, EV 97.5 MPH)
|
|
Batting: RHB Eddie Santiago
|
0-0: Foul Ball, location: 2F 0-1: Ground out 3-1 (Groundball, 34, EV 81.9 MPH)
|
| Bottom of the 2nd over - 0 runs, 1 hit, 0 errors, 1 left on base; Newark 2 - Utica 0 |
| TOP OF THE 3RD |
|
Newark Black Sox batting - Pitching for Utica Blue Jays : RHP Julio Nunez
|
|
Batting: RHB Ellis Burks
|
0-0: Ball 1-0: Swinging Strike 1-1: Called Strike 1-2: Strikes out swinging
|
|
Batting: RHB Moises Acosta
|
0-0: Ball 1-0: Ball 2-0: Fly out, F7 (Line Drive, 7, EV 108.1 MPH)
|
|
Batting: RHB Adrien Perkins
|
0-0: Ball 1-0: Ball 2-0: Called Strike 2-1: Called Strike 2-2: Ball 3-2: Foul Ball, location: 2F 3-2: Ground out 6-3 (Groundball, 6, EV 91.9 MPH)
|
| Top of the 3rd over - 0 runs, 0 hits, 0 errors, 0 left on base; Newark 2 - Utica 0 |
| BOTTOM OF THE 3RD |
|
Utica Blue Jays batting - Pitching for Newark Black Sox : LHP Stephen Young
|
|
Batting: RHB Gustavo Hernandez
|
0-0: Ball 1-0: Called Strike 1-1: Ball 2-1: Foul Ball, location: 2F 2-2: DOUBLE (Groundball, 3L, EV 103.1 MPH)
|
|
Batting: RHB Vern Guthrie
|
0-0: Ball 1-0: Foul Ball, location: 2F 1-1: SINGLE (Line Drive, 8RS, EV 113.1 MPH) Gustavo Hernandez to third
|
|
Batting: RHB Ed Allen
|
0-0: Called Strike 0-1: Foul Ball, location: 2F 0-2: Ball 1-2: Ball 2-2: Fly out, F7 (Flyball, 78M, EV 89.4 MPH) Runner from 3rd tags up, SCORES, throw by LF
|
|
Batting: SHB Manuel Lee
|
0-0: Ball 1-0: Ball 2-0: Grounds into double play, 6-4-3 (Groundball, 6, EV 108.8 MPH)
|
| Bottom of the 3rd over - 1 run, 2 hits, 0 errors, 0 left on base; Newark 2 - Utica 1 |
| TOP OF THE 4TH |
|
Newark Black Sox batting - Pitching for Utica Blue Jays : RHP Julio Nunez
|
|
Batting: RHB Jerry Bendorf
|
0-0: Ball 1-0: Ball 2-0: Ball 3-0: Called Strike 3-1: Fly out, F7 (Flyball, 7S, EV 91.3 MPH)
|
|
Batting: RHB Paul Bradley
|
0-0: Ball 1-0: Ball 2-0: Ball 3-0: Called Strike 3-1: Ground out 4-3 (Groundball, 4, EV 90.0 MPH)
|
|
Batting: RHB Henry Hubbard
|
0-0: Foul Ball, location: 2F 0-1: Fly out, F6 (Popup, 56, EV 60.6 MPH)
|
| Top of the 4th over - 0 runs, 0 hits, 0 errors, 0 left on base; Newark 2 - Utica 1 |
| BOTTOM OF THE 4TH |
|
Utica Blue Jays batting - Pitching for Newark Black Sox : LHP Stephen Young
|
|
Batting: LHB Tom Reynolds
|
0-0: Ball 1-0: Swinging Strike 1-1: Ball 2-1: Fly out, F6 (Line Drive, 6, EV 67.5 MPH)
|
|
Batting: RHB Jose Gonzalez
|
0-0: Fly out, F3 (Popup, 3F, EV 76.9 MPH)
|
|
Batting: RHB Ricky Jordan
|
0-0: Reached on error, E6 (Groundball, 6, EV 102.5 MPH)
|
|
Batting: SHB Steve Roadcap
|
0-0: Foul Ball, location: 2F 0-1: Called Strike 0-2: Foul Ball, location: 2F 0-2: Ball 1-2: SINGLE (Groundball, 25, EV 66.3 MPH) (infield hit) Ricky Jordan to second
|
|
Batting: RHB Eddie Santiago
|
0-0: Foul Ball, location: 2F 0-1: Foul Ball, location: 2F 0-2: Foul Ball, location: 2F 0-2: Ball 1-2: Ground out 6-3 (Groundball, 6, EV 86.3 MPH)
|
| Bottom of the 4th over - 0 runs, 1 hit, 1 error, 2 left on base; Newark 2 - Utica 1 |
| TOP OF THE 5TH |
|
Newark Black Sox batting - Pitching for Utica Blue Jays : RHP Julio Nunez
|
|
Batting: RHB Danny Griffin
|
0-0: Ball 1-0: Ball 2-0: Called Strike 2-1: Ground out 6-3 (Groundball, 6, EV 110.0 MPH)
|
|
Batting: RHB Orlando Gonzalez
|
0-0: Ball 1-0: Ball 2-0: Ball 3-0: Called Strike 3-1: Ground out 3-1 (Groundball, 34, EV 83.1 MPH)
|
|
Batting: RHB Rafael Belliard
|
0-0: SINGLE (Line Drive, 6MD, EV 95.6 MPH)
|
|
Batting: RHB Ellis Burks
|
0-0: Called Strike 0-1: Ball 1-1: Swinging Strike 1-2: Fly out, F8 (Flyball, 8LS, EV 87.5 MPH)
|
| Top of the 5th over - 0 runs, 1 hit, 0 errors, 1 left on base; Newark 2 - Utica 1 |
| BOTTOM OF THE 5TH |
|
Utica Blue Jays batting - Pitching for Newark Black Sox : LHP Stephen Young
|
|
Batting: RHB Gustavo Hernandez
|
0-0: Ball 1-0: Called Strike 1-1: Ball 2-1: SINGLE (Groundball, 4MD, EV 95.6 MPH)
|
|
Batting: RHB Vern Guthrie
|
0-0: Bunted foul 0-1: Bunted foul 0-2: TRIPLE (Flyball, 3D, EV 95.0 MPH) Gustavo Hernandez scores
|
|
Batting: RHB Ed Allen
|
0-0: Ball 1-0: Foul Ball, location: 2F 1-1: 2-RUN HOME RUN (Line Drive, 7D, EV 100.6 MPH), Distance : 386 ft
|
|
Batting: SHB Manuel Lee
|
0-0: Called Strike 0-1: Ball 1-1: Ball 2-1: SINGLE (Line Drive, 9S, EV 107.5 MPH)
|
|
Batting: LHB Tom Reynolds
|
0-0: Called Strike 0-1: Ball 1-1: Swinging Strike 1-2: Ball 2-2: SINGLE (Line Drive, 6M, EV 97.5 MPH) Manuel Lee to second
|
|
Batting: RHB Jose Gonzalez
|
0-0: Ball 1-0: Ball 2-0: Ball 3-0: Base on Balls Manuel Lee to third Tom Reynolds to second
|
|
Batting: RHB Ricky Jordan
|
0-0: DOUBLE (Line Drive, 89XD, EV 112.5 MPH) Manuel Lee scores Tom Reynolds scores Jose Gonzalez to third
|
|
Pitching: RHP Tony Gomez
|
|
|
Batting: SHB Steve Roadcap
|
0-0: Called Strike 0-1: Ball 1-1: Ball 2-1: Ball 3-1: Base on Balls
|
|
Batting: RHB Eddie Santiago
|
0-0: Ball 1-0: Called Strike 1-1: Grounds into double play, 5-4-3 (Groundball, 56, EV 80.6 MPH) Jose Gonzalez scores Ricky Jordan to third
|
|
Batting: RHB Gustavo Hernandez
|
0-0: Foul Ball, location: 2F 0-1: Foul Ball, location: 2F 0-2: Ground out U3 (Groundball, 13, EV 83.8 MPH)
|
| Bottom of the 5th over - 6 runs, 6 hits, 0 errors, 1 left on base; Newark 2 - Utica 7 |
| TOP OF THE 6TH |
|
Newark Black Sox batting - Pitching for Utica Blue Jays : RHP Julio Nunez
|
|
Batting: RHB Moises Acosta
|
0-0: Ball 1-0: Called Strike 1-1: Ball 2-1: Foul Ball, location: 2F 2-2: Ball 3-2: SINGLE (Line Drive, 89M, EV 89.4 MPH)
|
|
Batting: RHB Adrien Perkins
|
0-0: Called Strike 0-1: Foul Ball, location: 2F 0-2: Strikes out looking
|
|
Batting: RHB Jerry Bendorf
|
0-0: Fly out, F7 (Line Drive, 7, EV 95.6 MPH)
|
|
Batting: RHB Paul Bradley
|
0-0: Called Strike 0-1: Called Strike 0-2: Foul Ball, location: 2F 0-2: Strikes out swinging
|
| Top of the 6th over - 0 runs, 1 hit, 0 errors, 1 left on base; Newark 2 - Utica 7 |
| BOTTOM OF THE 6TH |
|
Utica Blue Jays batting - Pitching for Newark Black Sox : RHP Tony Gomez
|
|
Batting: RHB Vern Guthrie
|
0-0: Called Strike 0-1: Called Strike 0-2: Ball 1-2: Foul Ball, location: 2F 1-2: Fly out, F8 (Line Drive, 8LM, EV 91.9 MPH)
|
|
Batting: RHB Ed Allen
|
0-0: Ball 1-0: Swinging Strike 1-1: Foul Ball, location: 2F 1-2: Ball 2-2: Ground out 5-3 (Groundball, 56, EV 96.9 MPH)
|
|
Batting: SHB Manuel Lee
|
0-0: Called Strike 0-1: Foul Ball, location: 2F 0-2: Ball 1-2: Ground out 2-3 (Groundball, 13S, EV 66.3 MPH)
|
| Bottom of the 6th over - 0 runs, 0 hits, 0 errors, 0 left on base; Newark 2 - Utica 7 |
| TOP OF THE 7TH |
|
Newark Black Sox batting - Pitching for Utica Blue Jays : RHP Julio Nunez
|
|
Batting: RHB Henry Hubbard
|
0-0: Ball 1-0: Called Strike 1-1: Swinging Strike 1-2: Foul Ball, location: 2F 1-2: Ball 2-2: Strikes out swinging
|
|
Batting: RHB Danny Griffin
|
0-0: Fly out, F8 (Line Drive, 8LM, EV 93.1 MPH)
|
|
Batting: RHB Orlando Gonzalez
|
0-0: Ball 1-0: Ball 2-0: Foul Ball, location: 2F 2-1: Swinging Strike 2-2: Ground out 4-3 (Groundball, 4M, EV 101.9 MPH)
|
| Top of the 7th over - 0 runs, 0 hits, 0 errors, 0 left on base; Newark 2 - Utica 7 |
| BOTTOM OF THE 7TH |
|
Utica Blue Jays batting - Pitching for Newark Black Sox : RHP Tony Gomez
|
|
Batting: LHB Tom Reynolds
|
0-0: Ball 1-0: Foul Ball, location: 2F 1-1: Called Strike 1-2: Ground out 1-3 (Groundball, 13S, EV 68.1 MPH)
|
|
Batting: RHB Jose Gonzalez
|
0-0: Called Strike 0-1: SINGLE (Line Drive, 6M, EV 108.8 MPH)
|
|
Batting: RHB Ricky Jordan
|
0-0: Called Strike 0-1: Called Strike 0-2: Ball 1-2: Strikes out looking
|
|
Batting: SHB Steve Roadcap
|
0-0: Called Strike 0-1: Foul Ball, location: 2F 0-2: Strikes out swinging
|
| Bottom of the 7th over - 0 runs, 1 hit, 0 errors, 1 left on base; Newark 2 - Utica 7 |
| TOP OF THE 8TH |
|
Newark Black Sox batting - Pitching for Utica Blue Jays : RHP Julio Nunez
|
|
Batting: RHB Rafael Belliard
|
0-0: Called Strike 0-1: Ball 1-1: Foul Ball, location: 2F 1-2: Foul Ball, location: 2F 1-2: Strikes out swinging
|
|
Pitching: RHP James Strichek
|
|
|
Batting: RHB Ellis Burks
|
0-0: Ball 1-0: Ball 2-0: Called Strike 2-1: Fly out, F8 (Flyball, 8LM, EV 90.6 MPH)
|
|
Batting: RHB Moises Acosta
|
0-0: Called Strike 0-1: Called Strike 0-2: Ball 1-2: Strikes out swinging
|
| Top of the 8th over - 0 runs, 0 hits, 0 errors, 0 left on base; Newark 2 - Utica 7 |
| BOTTOM OF THE 8TH |
|
Utica Blue Jays batting - Pitching for Newark Black Sox : RHP Tony Gomez
|
|
Batting: RHB Eddie Santiago
|
0-0: Ball 1-0: Swinging Strike 1-1: Ball 2-1: Called Strike 2-2: SINGLE (Groundball, 56S, EV 98.8 MPH)
|
|
Batting: RHB Gustavo Hernandez
|
0-0: Ball 1-0: Foul Ball, location: 2F 1-1: Called Strike 1-2: Strikes out looking
|
|
Batting: RHB Vern Guthrie
|
0-0: Swinging Strike 0-1: Ball 1-1: Foul Ball, location: 2F 1-2: Ball 2-2: Strikes out looking
|
|
Batting: RHB Ed Allen
|
0-0: SINGLE (Groundball, 56D, EV 100.6 MPH) Eddie Santiago to second
|
|
Batting: SHB Manuel Lee
|
0-0: Swinging Strike 0-1: Fielders Choice at 2nd, 6-4 (Groundball, 6, EV 99.4 MPH)
|
| Bottom of the 8th over - 0 runs, 2 hits, 0 errors, 2 left on base; Newark 2 - Utica 7 |
| TOP OF THE 9TH |
|
Newark Black Sox batting - Pitching for Utica Blue Jays : RHP James Strichek
|
|
Batting: RHB Adrien Perkins
|
0-0: Called Strike 0-1: Ball 1-1: Swinging Strike 1-2: Ground out 4-3 (Groundball, 4, EV 103.8 MPH)
|
|
Batting: RHB Jerry Bendorf
|
0-0: Called Strike 0-1: Ball 1-1: Ball 2-1: Ball 3-1: Called Strike 3-2: Base on Balls
|
|
Batting: RHB Paul Bradley
|
0-0: Called Strike 0-1: Called Strike 0-2: Ball 1-2: Strikes out looking
|
|
Batting: RHB Henry Hubbard
|
0-0: Ball 1-0: Ball 2-0: Foul Ball, location: 2F 2-1: Ground out U3 (Groundball, 3L, EV 89.4 MPH)
|
| Top of the 9th over - 0 runs, 0 hits, 0 errors, 1 left on base; Newark 2 - Utica 7 |
|